Map: Newkirk Precinct TE (Void)

Players

Eastone - Winner!

  • Race: Zerg Zerg
  • League: Platinum
  • Spawn Location: 5:00

Cheater 1 (Resources)

  • Race: Zerg Zerg
  • Spawn Location: 7:00

VOD

https://youtu.be/v8eeRK4dbng

Description

Time

  • Played on: Jan. 19, 2017, 6:59 a.m.
  • Length: 11:15
Show
View Real Time Build Order
Export as new Build Order

Eastone Zerg - Winner!

Build Orders: Pool First 

Get SALT Encoding   

  12  0:02  Drone  
  13  0:09  Drone  
  14  0:24  Overlord  
  14  0:44  Drone x3  
  14  0:47  Extractor  
  16  0:56  Drone  
  17  0:59  Spawning Pool  
  16  1:06  Drone  
  17  1:17  Drone  
  18  1:28  Hatchery  
  18  1:31  Drone  
  18  1:46  Queen  
  20  1:48  Drone  
  20  1:52  Metabolic Boost  
  22  1:54  Drone  
  22  2:00  Overlord  
  22  2:20  Zergling x2  
  22  2:21  Zergling x2, Queen  
  26  2:38  Drone  
  26  2:41  Drone  
  26  2:42  Drone  
  29  2:44  Queen  
  29  2:50  Drone  
  32  2:53  Drone  
  32  2:57  Pneumatized Carapace  
  33  3:09  Drone x3  
  33  3:12  Overlord  
  36  3:28  Hatchery  
  36  3:31  Drone x3  
  36  3:32  Drone  
  39  3:36  Drone  
  39  3:37  Drone  
  39  3:39  Drone  
  42  3:43  Drone  
  42  3:48  Lair  
  43  3:50  Drone  
  44  4:00  Roach Warren  
  44  4:01  Overlord  
  43  4:08  Drone  
  44  4:16  Extractor  
  43  4:17  Extractor  
  43  4:19  Extractor  
  43  4:20  Drone  
  43  4:23  Drone x2  
  44  4:24  Drone  
  44  4:27  Drone  
  44  4:28  Drone x2  
  44  4:29  Drone x2  
  44  4:30  Drone  
  51  4:46  Zergling x2  
  51  4:47  Overlord x2  
  51  4:48  Glial Reconstitution  
  51  4:50  Drone x6  
  58  5:11  Roach x5  
  58  5:12  Roach x3  
  74  5:16  Overlord x3  
  74  5:40  Evolution Chamber, Drone x2  
  74  5:41  Evolution Chamber  
  74  5:42  Drone x7  
  81  5:46  Overlord  
  81  5:53  Queen x3  
  81  5:55  Drone  
  81  5:56  Roach x2  
  92  6:02  Ravager x2  
  94  6:06  Zerg Missile Weapons Level 1  
  94  6:10  Zerg Ground Armor Level 1  
  94  6:12  Roach x4  
  94  6:15  Overlord  
  94  6:17  Overlord  
  104  6:25  Roach  
  104  6:26  Roach  
  104  6:32  Overlord x3  
  106  6:33  Roach x3  
  106  6:37  Roach x2  
  116  6:46  Roach  
  116  6:47  Roach  
  120  6:48  Roach  
  122  6:55  Roach x2  
  126  7:03  Roach  
  126  7:04  Roach  
  126  7:06  Roach, Overlord x2  
  126  7:07  Overlord  
  126  7:08  Roach x5  
  142  7:09  Ravager x2  
  142  7:11  Ravager  
  145  7:21  Overlord  
  145  7:22  Overlord x3  
  145  7:30  Roach x2  
  145  7:35  Roach x3  
  155  7:40  Overlord  
  155  7:41  Overlord  
  155  7:45  Roach x2  
  155  7:46  Roach x4  
  167  7:51  Roach  
  167  7:52  Roach  
  167  7:56  Zergling x2  
  156  8:16  Roach x2  
  156  8:17  Roach x7  
  156  8:18  Roach x3  
  134  8:36  Roach x4  
  134  8:37  Roach x6  
  134  8:38  Roach  
  134  8:39  Roach  
  152  8:48  Roach  
  152  8:49  Overlord  
  152  8:54  Roach x2  
  152  8:55  Roach  
  160  9:02  Roach x4  
  168  9:05  Hatchery  
  168  9:08  Roach x3, Hatchery  
  156  9:35  Roach x2  
  156  9:36  Roach x7  
  156  9:37  Roach  
  176  9:41  Roach x2  
  176  9:42  Roach  
  176  9:45  Roach  
  184  9:54  Overlord  
  176  10:10  Roach x3  
  176  10:11  Roach  
  182  10:20  Roach x5, Zergling x2  
  193  10:21  Zergling x4  
  193  10:32  Roach  
  193  10:33  Roach x2  
  199  10:41  Roach  
  199  10:45  Roach  
  196  11:05  Extractor  
  196  11:07  Extractor  
Show
View Real Time Build Order
Export as new Build Order

Cheater 1 (Resources) Zerg 

Build Orders: Hatch First 

Get SALT Encoding   

  12  0:00  Drone  
  13  0:13  Overlord  
  13  0:18  Drone  
  14  0:31  Drone x2  
  14  0:34  Drone  
  17  0:55  Hatchery  
  17  0:56  Drone  
  17  1:12  Spawning Pool  
  17  1:13  Extractor  
  17  1:15  Drone  
  16  1:19  Drone  
  16  1:23  Drone  
  18  1:28  Drone  
  19  1:38  Overlord  
  19  1:49  Drone  
  20  2:00  Zergling x2  
  21  2:01  Queen  
  21  2:06  Queen  
  21  2:07  Drone  
  26  2:11  Drone  
  27  2:22  Drone x2  
  29  2:24  Extractor  
  29  2:28  Drone  
  29  2:35  Roach Warren  
  29  2:37  Drone  
  29  2:39  Drone  
  29  2:43  Zergling x2  
  31  2:49  Zergling x2  
  32  2:53  Overlord  
  32  3:00  Drone  
  32  3:04  Drone  
  34  3:15  Roach x3  
  34  3:17  Roach  
  42  3:21  Lair  
  42  3:26  Overlord  
  42  3:31  Overlord  
  42  3:34  Zergling x2  
  42  3:36  Zergling x2  
  44  3:44  Zergling x2, Drone x2  
  44  3:46  Drone  
  48  3:49  Drone  
  48  3:51  Drone  
  50  3:56  Overlord  
  50  4:01  Roach  
  52  4:04  Roach  
  52  4:06  Roach  
  52  4:09  Roach  
  58  4:13  Overlord  
  58  4:18  Drone  
  58  4:20  Drone  
  58  4:23  Roach, Hydralisk Den  
  61  4:24  Drone  
  61  4:27  Roach  
  61  4:30  Overlord  
  64  4:51  Hydralisk x2  
  64  4:52  Hydralisk  
  70  4:53  Hydralisk  
  70  4:54  Hydralisk x3  
  70  4:57  Hydralisk  
  80  5:00  Overlord  
  80  5:02  Drone  
  80  5:03  Drone  
  80  5:05  Drone  
  83  5:09  Drone  
  84  5:18  Overlord, Drone  
  84  5:19  Extractor  
  84  5:20  Drone  
  84  5:21  Infestation Pit, Drone  
  84  5:23  Drone  
  84  5:24  Drone  
  84  5:26  Drone  
  84  5:28  Drone  
  89  5:29  Drone  
  90  5:36  Drone  
  90  5:39  Overlord  
  90  5:42  Metabolic Boost  
  91  5:43  Drone  
  91  5:47  Extractor, Drone x3  
  94  5:51  Drone  
  94  5:52  Hatchery  
  94  5:54  Drone  
  94  5:56  Drone  
  96  5:57  Infestor  
  96  5:58  Overlord  
  96  6:01  Infestor  
  100  6:09  Drone  
  100  6:10  Evolution Chamber  
  100  6:13  Drone  
  100  6:18  Overlord, Drone x2  
  102  6:24  Evolution Chamber, Drone  
  103  6:28  Evolution Chamber  
  103  6:29  Drone  
  107  6:32  Roach  
  107  6:33  Roach x2  
  107  6:35  Roach, Zerg Ground Armor Level 1  
  107  6:38  Overlord  
  111  6:40  Ravager  
  111  6:43  Roach  
  111  6:46  Roach  
  116  6:49  Zerg Missile Weapons Level 1  
  116  6:50  Roach  
  116  6:53  Spine Crawler  
  116  6:54  Roach, Zerg Melee Weapons Level 1  
  119  6:55  Roach  
  119  6:56  Overlord  
  119  6:57  Roach  
  119  6:58  Ravager  
  119  6:59  Roach  
  119  7:01  Roach  
  128  7:05  Drone x2  
  128  7:06  Drone  
  131  7:08  Drone  
  131  7:12  Overseer  
  131  7:15  Drone  
  133  7:16  Overlord  
  133  7:19  Drone  
  133  7:21  Infestor  
  133  7:22  Drone x2  
  138  7:25  Drone  
  138  7:27  Infestor, Drone x2  
  138  7:28  Extractor, Drone  
  143  7:32  Hatchery, Drone  
  143  7:36  Overlord  
  143  7:38  Pathogen Glands  
  143  7:39  Drone  
  143  7:42  Drone  
  145  7:47  Drone  
  145  7:50  Drone  
  147  7:52  Extractor, Drone  
  147  7:54  Overlord, Drone x2  
  147  7:58  Drone  
  150  7:59  Drone x2  
  150  8:00  Drone  
  150  8:02  Queen, Drone  
  150  8:04  Lurker Den, Spine Crawler, Drone  
  153  8:08  Zergling x2  
  136  8:13  Drone  
  136  8:15  Drone  
  119  8:23  Zergling x2  
  119  8:25  Roach, Hydralisk, Drone  
  115  8:27  Roach  
  115  8:30  Roach, Zergling x2  
  115  8:31  Roach  
  110  8:35  Roach  
  110  8:37  Roach  
  105  8:43  Roach  
  105  8:46  Roach  
  107  8:48  Roach  
  107  8:52  Extractor  
  107  8:54  Ravager, Drone  
  107  8:55  Ravager, Spore Crawler  
  106  8:56  Roach  
  106  8:57  Infestor, Drone, Spore Crawler  
  106  8:58  Roach  
  106  9:00  Roach, Extractor  
  106  9:02  Roach, Hydralisk  
  112  9:03  Drone  
  112  9:04  Hydralisk  
  112  9:07  Hydralisk  
  114  9:10  Zergling x2  
  114  9:16  Zergling x2  
  102  9:18  Hydralisk, Queen  
  102  9:21  Drone  
  93  9:26  Drone  
  93  9:29  Zergling x2  
  93  9:30  Hydralisk  
  94  9:31  Roach x2  
  94  9:32  Roach, Ravager  
  94  9:37  Roach  
  95  9:41  Zergling x2  
  79  9:48  Roach  
  79  9:51  Zergling x2  
  73  9:54  Ravager  
  73  9:58  Drone  
  73  9:59  Queen, Drone  
  66  10:00  Roach x2  
  66  10:03  Zergling x2  
  57  10:09  Hydralisk, Queen  
  57  10:14  Drone, Hydralisk Den  
  56  10:18  Spine Crawler  
  56  10:20  Roach  
  55  10:24  Zergling x2  
  46  10:30  Hatchery  
  41  10:42  Hydralisk  
  38  10:44  Zergling x2  
  38  10:48  Hatchery  
  38  10:49  Zergling x2  
  39  11:05  Infestation Pit  
Tags
 
Add a new tag
Caveats
  • Supply blocks, unpowered buildings, or Contaminate may cause inaccurate times.
  • Supply counts are checked every 10 seconds.